[Event "ICC tourney 2541 (3 2)"]
[Site "Internet Chess Club"]
[Date "2021.04.30"]
[Round "10"]
[White "ZHOU, VANESSA G:vanessa4play"]
[Black "MYSORE, ABHINAV NAVEEN:Mapking1"]
[Result "0-1"]
[ICCResult "White forfeits on time"]
[WhiteElo "1352"]
[BlackElo "1999"]
[Opening "Sicilian: Alapin's variation (2.c3)"]
[ECO "B22"]
[NIC "SI.46"]
[Time "22:28:32"]
[PlyCount "70"]
[TimeControl "180+2"]

1. e4 c5 2. c3 Nf6 3. e5 Nd5 4. Nf3 Nc6 5. d4 cxd4 6. cxd4 d6 7. Bc4 Nb6 8.
Bb3 e6 9. O-O Be7 10. Nc3 O-O 11. Re1 Na5 12. Bc2 dxe5 13. dxe5 Bd7 14. Qd3
g6 15. Bh6 Re8 16. Ne4 Bc6 17. Rad1 Qxd3 18. Bxd3 Nd5 19. Bd2 b6 20. Rc1
Rac8 21. Nd4 Ba8 22. Bxa5 bxa5 23. Nb3 Bb4 24. Red1 a4 25. Nbc5 Nf4 26. Bb5
Bxc5 27. Nxc5 Red8 28. Rxd8+ Rxd8 29. g3 Nh3+ 30. Kf1 Rd5 31. Bxa4 Rxe5 32.
Nd3 Ra5 33. Rc8+ Kg7 34. Rxa8 Rxa4 35. f4 g5 { White forfeits on time } 0-1

[Event "ICC tourney 2541 (3 2)"]
[Site "Internet Chess Club"]
[Date "2021.04.30"]
[Round "10"]
[White "YE, LUKE SICONG:lukeye"]
[Black "CALVELO, JELVIS ARANDELA:JelvisCalvelo04"]
[Result "0-1"]
[ICCResult "White forfeits on time"]
[WhiteElo "2075"]
[BlackElo "2081"]
[Opening "French: Fort Knox variation"]
[ECO "C10"]
[NIC "FR.07"]
[Time "22:28:42"]
[PlyCount "110"]
[TimeControl "180+2"]

1. e4 e6 2. d4 d5 3. Nc3 dxe4 4. Nxe4 Bd7 5. Nf3 Bc6 6. Bd3 Nd7 7. O-O Ngf6
8. Qe2 Nxe4 9. Bxe4 Bxe4 10. Qxe4 c6 11. c3 Bd6 12. Ne5 Bxe5 13. dxe5 Qa5
14. f4 Qd5 15. Qxd5 cxd5 16. Be3 g6 17. Rac1 b5 18. a4 a6 19. Ra1 O-O 20.
axb5 axb5 21. Ra7 Rxa7 22. Bxa7 Ra8 23. Ra1 Nb6 24. Ra3 Nc4 25. Ra2 Nb6 26.
Ra3 Nc4 27. Ra2 h6 28. b3 Nb6 29. Ra3 b4 30. cxb4 Nc8 31. b5 Rxa7 32. b6
Rb7 33. Ra8 Kg7 34. Rxc8 Rxb6 35. Rc3 g5 36. fxg5 hxg5 37. Kf2 Kg6 38. g4
Rb4 39. h3 Rf4+ 40. Rf3 Rd4 41. Ke2 Rb4 42. Kd2 Kg7 43. Re3 Kf8 44. Kc2 Ke7
45. Kb2 Kd7 46. Ka3 Rf4 47. b4 Kc6 48. Rc3+ Kb6 49. Ka4 Re4 50. Rf3 Rxe5
51. Rxf7 d4 52. Rd7 Rd5 53. Rxd5 exd5 54. b5 d3 55. Kb3 d4 { White forfeits
on time } 0-1

[Event "ICC tourney 2541 (3 2)"]
[Site "Internet Chess Club"]
[Date "2021.04.30"]
[Round "10"]
[White "NI, BRANDON:chessbn"]
[Black "CARDOSO, CARLOS:cjcardoso"]
[Result "1-0"]
[ICCResult "Black resigns"]
[WhiteElo "1930"]
[BlackElo "1468"]
[Opening "Nimzovich-Larsen attack: Indian variation"]
[ECO "A01"]
[NIC "VO.08"]
[Time "22:28:51"]
[PlyCount "107"]
[TimeControl "180+2"]

1. b3 Nf6 2. Bb2 d5 3. Nf3 Bf5 4. e3 e6 5. Be2 Be7 6. O-O O-O 7. d4 Nbd7 8.
c4 c6 9. Nc3 Re8 10. Ne5 Bd6 11. f4 Ne4 12. g4 Nxc3 13. Bxc3 Be4 14. Bf3
Bxf3 15. Qxf3 f6 16. Nxd7 Qxd7 17. Kh1 a5 18. e4 dxe4 19. Qxe4 c5 20. Rad1
cxd4 21. Rxd4 Qc7 22. Rfd1 Rad8 23. Qf3 b6 24. h3 Bc5 25. Rxd8 Rxd8 26.
Rxd8+ Qxd8 27. Kg2 Qd6 28. Qe4 h6 29. Be1 Kf7 30. Bc3 Qd7 31. Qf3 Qd6 32.
g5 hxg5 33. fxg5 f5 34. Qb7+ Qe7 35. Qxe7+ Bxe7 36. h4 g6 37. Kf3 Bd6 38.
Bb2 Ke7 39. Bf6+ Kd7 40. Ke3 Be7 41. Be5 Bd8 42. Kf4 Ke7 43. Bf6+ Ke8 44.
Ke5 Bxf6+ 45. gxf6 Kf7 46. a3 a4 47. bxa4 g5 48. hxg5 Kg6 49. a5 Kxg5 50.
f7 f4 51. f8=Q Kg4 52. Qxf4+ Kh3 53. Qg5 Kh2 54. Ke4 { Black resigns } 1-0

[Event "ICC tourney 2541 (3 2)"]
[Site "Internet Chess Club"]
[Date "2021.04.30"]
[Round "10"]
[White "SLADE, THEODORE LUKE:MrNormalName"]
[Black "VAKHIDOV, JAKHONGIR:TjkTiger"]
[Result "1-0"]
[ICCResult "Black resigns"]
[WhiteElo "2170"]
[BlackElo "2603"]
[Opening "Grünfeld: exchange, classical variation"]
[ECO "D87"]
[NIC "GI.05"]
[Time "22:28:50"]
[PlyCount "141"]
[TimeControl "180+2"]

1. d4 Nf6 2. c4 g6 3. Nc3 d5 4. cxd5 Nxd5 5. e4 Nxc3 6. bxc3 Bg7 7. Bc4 c5
8. Ne2 Nc6 9. Be3 O-O 10. O-O b6 11. dxc5 Qc7 12. Nd4 Ne5 13. Nb5 Qb8 14.
Bd5 Ng4 15. g3 Nxe3 16. fxe3 Bh3 17. Bxf7+ Rxf7 18. Rxf7 Kxf7 19. Qf3+ Kg8
20. g4 bxc5 21. Rb1 a6 22. Na3 Qe5 23. Qxh3 Qxc3 24. Rb3 Qa1+ 25. Qf1 Qxa2
26. Qc4+ Kh8 27. Rb8+ Rxb8 28. Qxa2 Bf6 29. Nc4 Rb4 30. Qxa6 Kg7 31. e5 Bg5
32. Kf2 Rb1 33. Qc6 Rc1 34. Qxc5 Bh4+ 35. Kg2 Rc2+ 36. Kh3 Bg5 37. Qd4 Kf8
38. e6 Bf6 39. Ne5 Kg7 40. Qf4 g5 41. Qf5 Rc5 42. Nf3 Rxf5 43. gxf5 h5 44.
Kg3 g4 45. Nd2 Be5+ 46. Kg2 Kf6 47. e4 Kg5 48. Nc4 Bd4 49. Na5 Bc5 50. Nc6
Kf6 51. Kg3 Bd6+ 52. Kg2 Bc7 53. Nb4 Bd6 54. Nc6 Bc7 55. Nb4 Bd6 56. Nd3 h4
57. Nb2 Kg5 58. Nc4 Bc7 59. Ne3 h3+ 60. Kg1 Bb6 61. Kf2 Kf4 62. Ke2 g3 63.
hxg3+ Kxg3 64. Nf1+ Kf4 65. f6 h2 66. Nxh2 exf6 67. e7 Kxe4 68. e8=Q+ Kd5
69. Qb5+ Bc5 70. Ng4 Kd6 71. Nxf6 { Black resigns } 1-0

[Event "ICC tourney 2541 (3 2)"]
[Site "Internet Chess Club"]
[Date "2021.04.30"]
[Round "10"]
[White "POPILSKI, GIL:kurumania"]
[Black "ALEKSANDROV, ALEKSEJ:Aleksandrov73"]
[Result "1-0"]
[ICCResult "Black forfeits on time"]
[WhiteElo "2514"]
[BlackElo "2623"]
[Opening "Ruy Lopez: Berlin defense"]
[ECO "C65"]
[NIC "RL.07"]
[Time "22:29:23"]
[PlyCount "139"]
[TimeControl "180+2"]

1. e4 e5 2. Nf3 Nc6 3. Bb5 Nf6 4. d3 d6 5. c3 g6 6. O-O Bg7 7. Re1 O-O 8.
Bxc6 bxc6 9. d4 Nd7 10. Bg5 f6 11. Bh4 Qe8 12. Nbd2 Qf7 13. Qa4 Bb7 14.
Rad1 Nb6 15. Qa3 a5 16. h3 h6 17. Bg3 Bc8 18. b3 a4 19. c4 exd4 20. Nxd4 c5
21. Nb5 axb3 22. Qxb3 Be6 23. Nxd6 cxd6 24. Qxb6 Bxc4 25. Nxc4 Qxc4 26. Rc1
Ra6 27. Qxd6 Rxd6 28. Rxc4 Ra6 29. Re2 Rfa8 30. Rcc2 c4 31. f4 Kf7 32. Be1
Rc8 33. Bc3 Bf8 34. Kf2 Be7 35. Kf3 Ra3 36. Re3 Rd8 37. Bd2 Ra4 38. Rec3
Rda8 39. Rxc4 Rxc4 40. Rxc4 Rxa2 41. Rd4 h5 42. g4 Ra3+ 43. Kg2 Ra2 44. Kf1
hxg4 45. hxg4 Bc5 46. Rd5 Be7 47. Ke2 Bb4 48. Ke3 Ra3+ 49. Rd3 Bxd2+ 50.
Kxd2 Ra5 51. Ke3 Ke6 52. Rb3 Ra6 53. Kf3 Ra7 54. Kg3 Kf7 55. Kh4 Re7 56.
Rb4 Kg7 57. g5 Rf7 58. gxf6+ Rxf6 59. Kg5 Re6 60. Rb7+ Kf8 61. e5 Kg8 62.
Rc7 Kf8 63. Rd7 Ra6 64. Rd6 Rxd6 65. exd6 Kf7 66. d7 Ke7 67. Kxg6 Kxd7 68.
f5 Ke7 69. f6+ Kf8 70. f7 { Black forfeits on time } 1-0

[Event "ICC tourney 2541 (3 2)"]
[Site "Internet Chess Club"]
[Date "2021.04.30"]
[Round "10"]
[White "WILLY, STEPHEN:stephenwilly"]
[Black "ERARD, ERIC CHRISTIAN:eric-erard"]
[Result "0-1"]
[ICCResult "White checkmated"]
[WhiteElo "1460"]
[BlackElo "1695"]
[Opening "French defense, Steiner variation"]
[ECO "C00"]
[NIC "FR.01"]
[Time "22:28:43"]
[PlyCount "186"]
[TimeControl "180+2"]

1. e4 e6 2. c4 c5 3. Nf3 Nc6 4. b3 Nf6 5. e5 Ng4 6. Bb2 d6 7. exd6 Qxd6 8.
Nc3 a6 9. h3 Nge5 10. d3 Nxf3+ 11. Qxf3 Nd4 12. Qd1 Bd7 13. Ne4 Qc7 14. Be2
e5 15. O-O Be7 16. Nc3 Bc6 17. a3 Bd6 18. Bh5 g6 19. Be2 O-O-O 20. Re1 Rhe8
21. Bf1 f5 22. Ne2 Nxe2+ 23. Bxe2 e4 24. Qc2 exd3 25. Bxd3 Be5 26. Bxe5
Rxe5 27. Qc3 Rde8 28. Rxe5 Rxe5 29. Re1 Rxe1+ 30. Qxe1 Qd7 31. Qe3 Kc7 32.
Be2 b6 33. Qe5+ Qd6 34. Qg7+ Qd7 35. Qf6 Qd2 36. Bf1 Qd6 37. Qf7+ Qd7 38.
Qf6 b5 39. cxb5 axb5 40. a4 bxa4 41. bxa4 Bxa4 42. Qf8 Qd6 43. Qf7+ Qd7 44.
Qc4 Kd6 45. Qa6+ Bc6 46. Bc4 Qb7 47. Qa1 Kc7 48. Qe5+ Kb6 49. Bg8 Bb5 50.
Qd6+ Qc6 51. Qb8+ Ka5 52. Qd8+ Kb4 53. Qd2+ Ka4 54. Qa2+ Kb4 55. Qb3+ Ka5
56. Bd5 Qd6 57. Qa3+ Kb6 58. Qb3 Qe5 59. Bc4 Qe1+ 60. Kh2 Qb4 61. Qxb4 cxb4
62. Bg8 h6 63. Bh7 Be8 64. Bg8 Kc5 65. Kg3 g5 66. Kf3 Bc6+ 67. Kg3 f4+ 68.
Kh2 Bd5 69. Bh7 Kd4 70. f3 Kc3 71. Kg1 b3 72. Kf2 b2 73. Bb1 Kd2 74. g3 Kc1
75. Bh7 b1=Q 76. Bxb1 Kxb1 77. gxf4 gxf4 78. h4 Kc2 79. Ke2 Kc3 80. Kf2 Kd3
81. Kg2 h5 82. Kf2 Kd2 83. Kg2 Ke3 84. Kh2 Kxf3 85. Kh3 Ke3 86. Kh2 Be6 87.
Kg2 f3+ 88. Kg1 f2+ 89. Kh2 f1=Q 90. Kg3 Qf3+ 91. Kh2 Qh3+ 92. Kg1 Qg3+ 93.
Kh1 Bd5# { White checkmated } 0-1

[Event "ICC tourney 2541 (3 2)"]
[Site "Internet Chess Club"]
[Date "2021.04.30"]
[Round "11"]
[White "BROWN, MADISON:USChessNinja"]
[Black "ZHOU, VANESSA G:vanessa4play"]
[Result "1-0"]
[ICCResult "Black checkmated"]
[WhiteElo "1714"]
[BlackElo "1352"]
[Opening "French: advance, Paulsen attack"]
[ECO "C02"]
[NIC "FR.03"]
[Time "22:42:06"]
[PlyCount "51"]
[TimeControl "180+2"]

1. e4 e6 2. d4 d5 3. e5 c5 4. c3 Nc6 5. Nf3 Qb6 6. a3 c4 7. Be2 Bd7 8. O-O
h6 9. Nbd2 O-O-O 10. b4 cxb3 11. Nxb3 Kb8 12. Nc5 Bxc5 13. dxc5 Qxc5 14.
Be3 Qxc3 15. Rb1 Nxe5 16. Nxe5 Qxe5 17. Qb3 Bc6 18. Bb5 Bxb5 19. Qxb5 Qc7
20. Bf4 e5 21. Bxe5 Rc8 22. Bxc7+ Rxc7 23. Qe8+ Rc8 24. Qe5+ Ka8 25. Qxd5
f6 26. Qxb7# { Black checkmated } 1-0

[Event "ICC tourney 2541 (3 2)"]
[Site "Internet Chess Club"]
[Date "2021.04.30"]
[Round "11"]
[White "Zimmerman, Kevin:blackjack721"]
[Black "FEHD, JODIE LYNN:spaceegg"]
[Result "1-0"]
[ICCResult "Black checkmated"]
[WhiteElo "1359"]
[BlackElo "1186"]
[Opening "Philidor's defense"]
[ECO "C41"]
[NIC "KP.10"]
[Time "22:42:10"]
[PlyCount "53"]
[TimeControl "180+2"]

1. e4 e5 2. Nf3 d6 3. Nc3 Nc6 4. Bc4 h6 5. Nd5 Bg4 6. h3 Bxf3 7. Qxf3 Nf6
8. d3 Nxd5 9. Bxd5 Qf6 10. Bxc6+ bxc6 11. Qe2 d5 12. exd5 cxd5 13. O-O Bd6
14. f4 O-O-O 15. d4 e4 16. Qa6+ Kb8 17. Qb5+ Kc8 18. Qc6 Qxd4+ 19. Kh1 f5
20. a4 g5 21. a5 gxf4 22. Bxf4 Bxf4 23. Rxf4 Qd2 24. Rxf5 Rhg8 25. g4 h5
26. Rf7 hxg4 27. Qa8# { Black checkmated } 1-0

[Event "ICC tourney 2541 (3 2)"]
[Site "Internet Chess Club"]
[Date "2021.04.30"]
[Round "11"]
[White "ERARD, ERIC CHRISTIAN:eric-erard"]
[Black "WANG, YUANZHE:yogokings12"]
[Result "1-0"]
[ICCResult "Black resigns"]
[WhiteElo "1695"]
[BlackElo "1592"]
[Opening "Sicilian"]
[ECO "B50"]
[NIC "SI.01"]
[Time "22:42:14"]
[PlyCount "85"]
[TimeControl "180+2"]

1. e4 c5 2. Nf3 d6 3. c3 Nf6 4. Qc2 Qc7 5. Bc4 e5 6. O-O Be7 7. d3 O-O 8.
Bg5 Bg4 9. Nbd2 Nc6 10. h3 Bh5 11. Nh4 h6 12. Be3 Nd7 13. Nf5 Bg6 14. Nxe7+
Nxe7 15. f4 a6 16. f5 Bh7 17. Nf3 b5 18. Bb3 a5 19. a4 b4 20. Qf2 Kh8 21.
Qh4 Ng8 22. g4 Rab8 23. Bc4 Nb6 24. Bb5 f6 25. Qg3 d5 26. h4 d4 27. cxd4
cxd4 28. Bxd4 Qd6 29. Bxb6 Qxb6+ 30. Kh2 Ne7 31. g5 fxg5 32. hxg5 Rfc8 33.
g6 Rc2+ 34. Kh3 Bg8 35. Nxe5 Rxb2 36. Rac1 Rc8 37. Rxc8 Nxc8 38. f6 Qa7 39.
fxg7+ Qxg7 40. Nf7+ Bxf7 41. Rxf7 Qd4 42. g7+ Kg8 43. Rf8+ { Black resigns
} 1-0

[Event "ICC tourney 2541 (3 2)"]
[Site "Internet Chess Club"]
[Date "2021.04.30"]
[Round "11"]
[White "CARDOSO, CARLOS:cjcardoso"]
[Black "Lamas, David:ChessMonkey123"]
[Result "0-1"]
[ICCResult "White resigns"]
[WhiteElo "1468"]
[BlackElo "1431"]
[Opening "Three knights game"]
[ECO "C46"]
[NIC "KP.06"]
[Time "22:42:13"]
[PlyCount "68"]
[TimeControl "180+2"]

1. e4 e5 2. Nf3 Nc6 3. Nc3 Bc5 4. Nxe5 Bxf2+ 5. Kxf2 Nxe5 6. d4 Ng6 7. g3
d6 8. Bc4 Nf6 9. Kg2 Bg4 10. Qd3 O-O 11. h3 Bd7 12. Bg5 h6 13. Bd2 Re8 14.
e5 dxe5 15. Qxg6 Be6 16. Qd3 Bxc4 17. Qxc4 exd4 18. Nb5 c6 19. Nxd4 Re4 20.
Bc3 Nd5 21. Qd3 Nxc3 22. bxc3 Qd5 23. Kh2 Rae8 24. Rad1 Re3 25. Qf5 Qxa2
26. Rhf1 g6 27. Qxf7+ Qxf7 28. Rxf7 Kxf7 29. Kg2 c5 30. Nf3 Re2+ 31. Kf1
Rxc2 32. Rd7+ Kf8 33. Rxb7 Rxc3 34. Rxa7 Rxf3+ { White resigns } 0-1

[Event "ICC tourney 2541 (3 2)"]
[Site "Internet Chess Club"]
[Date "2021.04.30"]
[Round "11"]
[White "GAO, MATTHEW IAN:xcelswimmer"]
[Black "KALYANRAMAN, NIKHIL:nikhilkalya"]
[Result "1-0"]
[ICCResult "Black checkmated"]
[WhiteElo "1918"]
[BlackElo "1890"]
[Opening "King's Indian: Sämisch, 5...O-O"]
[ECO "E81"]
[NIC "KI.54"]
[Time "22:42:12"]
[PlyCount "95"]
[TimeControl "180+2"]

1. d4 Nf6 2. c4 g6 3. Nc3 Bg7 4. e4 d6 5. f3 O-O 6. Be3 Nfd7 7. Bd3 c5 8.
Nge2 Nc6 9. d5 Nce5 10. O-O Nb6 11. b3 f5 12. Rc1 Nxd3 13. Qxd3 fxe4 14.
fxe4 Bg4 15. h3 Bxe2 16. Nxe2 Qd7 17. Nf4 Be5 18. Ne6 Rxf1+ 19. Rxf1 a5 20.
Bf4 Bf6 21. Qf3 a4 22. e5 dxe5 23. Bxe5 axb3 24. axb3 Qe8 25. Bxf6 exf6 26.
Nc7 Qe5 27. Nxa8 Qd4+ 28. Qf2 Nxa8 29. Qxd4 cxd4 30. Rxf6 Nc7 31. d6 Ne8
32. d7 Nxf6 33. d8=Q+ Kf7 34. Qxd4 Ke6 35. Kf2 Nd7 36. Ke3 Ne5 37. Ke4 Nc6
38. Qd5+ Ke7 39. Qc5+ Kd7 40. b4 Kc7 41. b5 Kd8 42. bxc6 bxc6 43. Qxc6 g5
44. Qb7 g4 45. hxg4 h5 46. Ke5 hxg4 47. Ke6 g3 48. Qd7# { Black checkmated
} 1-0

[Event "ICC tourney 2541 (3 2)"]
[Site "Internet Chess Club"]
[Date "2021.04.30"]
[Round "11"]
[White "MYSORE, ABHINAV NAVEEN:Mapking1"]
[Black "palani, mohnishkirupaa:chesswarriors12"]
[Result "0-1"]
[ICCResult "White checkmated"]
[WhiteElo "1999"]
[BlackElo "1347"]
[Opening "Petrov: Nimzovich attack"]
[ECO "C42"]
[NIC "RG.03"]
[Time "22:42:40"]
[PlyCount "64"]
[TimeControl "180+2"]

1. e4 e5 2. Nf3 Nf6 3. Nxe5 d6 4. Nf3 Nxe4 5. Nc3 Nxc3 6. dxc3 Nc6 7. Be3
Be6 8. Qd2 Be7 9. O-O-O Qd7 10. Kb1 O-O-O 11. Nd4 Nxd4 12. cxd4 Kb8 13. d5
Bf5 14. Qd4 b6 15. Qxg7 Bg6 16. Bd3 Rhg8 17. Qh6 Bxd3 18. Rxd3 Rxg2 19.
Qxh7 Bf6 20. Qe4 Rdg8 21. a3 a5 22. h4 Qb5 23. Bd4 Rg1+ 24. Rxg1 Rxg1+ 25.
Ka2 Qc4+ 26. Rb3 Qxd4 27. Qe8+ Ka7 28. Qxf7 Kb7 29. h5 Qd1 30. Re3 a4 31.
Re1 Rxe1 32. Qd7 Qa1# { White checkmated } 0-1

[Event "ICC tourney 2541 (3 2)"]
[Site "Internet Chess Club"]
[Date "2021.04.30"]
[Round "11"]
[White "SCHENK, SAM:SupaHotFiya"]
[Black "NI, BRANDON:chessbn"]
[Result "1-0"]
[ICCResult "Black forfeits on time"]
[WhiteElo "1950"]
[BlackElo "1930"]
[Opening "Caro-Kann defense"]
[ECO "B10"]
[NIC "CK.01"]
[Time "22:42:15"]
[PlyCount "75"]
[TimeControl "180+2"]

1. e4 c6 2. Nf3 d5 3. d3 Bg4 4. h3 Bh5 5. g4 Bg6 6. Qe2 e6 7. h4 h5 8. Ne5
Bh7 9. g5 Ne7 10. Qxh5 g6 11. Qf3 Bg8 12. Ng4 Nd7 13. Nc3 Qb6 14. Rb1 Bg7
15. Bd2 Ne5 16. Nxe5 Bxe5 17. Bg2 d4 18. Ne2 Qa6 19. Ra1 Qb5 20. b3 c5 21.
a4 Qc6 22. Bf4 Bxf4 23. Qxf4 O-O-O 24. Qf6 Rh5 25. Qxe7 c4 26. bxc4 f5 27.
gxf6 Rh7 28. Qb4 g5 29. hxg5 Rxh1+ 30. Bxh1 Bf7 31. Ng3 e5 32. Rb1 Rh8 33.
Bf3 Bg6 34. Bg4+ Kb8 35. Bf5 Bh5 36. Nxh5 Rxh5 37. Qf8+ Kc7 38. Qe7+ {
Black forfeits on time } 1-0

[Event "ICC tourney 2541 (3 2)"]
[Site "Internet Chess Club"]
[Date "2021.04.30"]
[Round "11"]
[White "YU, AVERY:Averyyu321"]
[Black "SZERENCSY, IAN:iszerencsy"]
[Result "0-1"]
[ICCResult "White forfeits on time"]
[WhiteElo "1671"]
[BlackElo "1371"]
[Opening "Sicilian: Taimanov, American attack"]
[ECO "B33"]
[NIC "SI.34"]
[Time "22:42:11"]
[PlyCount "126"]
[TimeControl "180+2"]

1. e4 c5 2. Nf3 Nc6 3. d4 cxd4 4. Nxd4 Nf6 5. Nc3 e6 6. Ndb5 Bb4 7. Nd6+
Ke7 8. Bf4 e5 9. Nf5+ Kf8 10. Bg5 h6 11. Bxf6 Qxf6 12. Bc4 Nd4 13. a3 Bxc3+
14. bxc3 Nxf5 15. exf5 Qc6 16. Qd5 Qxd5 17. Bxd5 Rb8 18. c4 b6 19. O-O-O d6
20. g4 Ke7 21. Be4 Bb7 22. f3 Bxe4 23. fxe4 Rbc8 24. Rd3 Rxc4 25. Rhd1 Rd8
26. Re3 Rdc8 27. Rd2 Rc3 28. Red3 Rxd3 29. Rxd3 Rc4 30. Re3 Kf6 31. Kb2 b5
32. Kb3 a6 33. h3 Kg5 34. Rd3 Rd4 35. Re3 Kf4 36. Re2 Rxe4 37. Rd2 Rd4 38.
Re2 e4 39. c3 Rd3 40. Kc2 Rxh3 41. Rd2 Rd3 42. Re2 Re3 43. Rd2 Kxg4 44.
Rxd6 Kxf5 45. Rxa6 h5 46. Rb6 Kg4 47. Rxb5 h4 48. Rb1 Re2+ 49. Kd1 Ra2 50.
Rb4 Rxa3 51. Rxe4+ Kg3 52. Re3+ Kf4 53. Re7 f5 54. Rxg7 Rxc3 55. Rh7 Rh3
56. Ke2 Kg3 57. Rf7 Kf4 58. Rh7 Rh2+ 59. Kf1 h3 60. Kg1 Rg2+ 61. Kh1 Kg3
62. Rg7+ Kf2 63. Rh7 Rg3 { White forfeits on time } 0-1

[Event "ICC tourney 2541 (3 2)"]
[Site "Internet Chess Club"]
[Date "2021.04.30"]
[Round "11"]
[White "Aimdilokwong, Alec Daniel:Alec-hine"]
[Black "LEVIN, EVGENY A:Assured"]
[Result "0-1"]
[ICCResult "White resigns"]
[WhiteElo "1666"]
[BlackElo "2586"]
[Opening "Trompowsky attack (Ruth, Opocenský opening)"]
[ECO "A45"]
[NIC "QP.07"]
[Time "22:42:13"]
[PlyCount "72"]
[TimeControl "180+2"]

1. d4 Nf6 2. Bg5 e6 3. e4 h6 4. Bxf6 Qxf6 5. c3 d6 6. Bc4 g6 7. Nd2 Bg7 8.
Ne2 O-O 9. O-O e5 10. f4 exd4 11. cxd4 c5 12. dxc5 dxc5 13. e5 Qb6 14. Ne4
Be6 15. Qc2 Na6 16. Bxe6 Qxe6 17. a3 Rad8 18. Rfd1 b6 19. Rd3 Qf5 20. Nd6
Qe6 21. Ne4 Qc6 22. N2g3 c4 23. Rd6 Rxd6 24. Nxd6 b5 25. Rd1 Nc5 26. Nge4
Nd3 27. Rxd3 Qb6+ 28. Kh1 cxd3 29. Qxd3 Qc6 30. h3 Qc1+ 31. Kh2 Qxf4+ 32.
g3 Qxe5 33. Nxb5 Qxb2+ 34. Kg1 Rc8 35. Nc7 Qc1+ 36. Kg2 Rxc7 { White
resigns } 0-1

[Event "ICC tourney 2541 (3 2)"]
[Site "Internet Chess Club"]
[Date "2021.04.30"]
[Round "11"]
[White "KINGSLEY, PETER F:Saixua"]
[Black "WILLY, STEPHEN:stephenwilly"]
[Result "0-1"]
[ICCResult "White checkmated"]
[WhiteElo "1447"]
[BlackElo "1460"]
[Opening "Giuoco Piano"]
[ECO "C50"]
[NIC "IG.02"]
[Time "22:42:42"]
[PlyCount "112"]
[TimeControl "180+2"]

1. e4 e5 2. Nf3 Nc6 3. Bc4 Bc5 4. O-O Nf6 5. d3 d6 6. Bg5 Bg4 7. c3 h6 8.
Bh4 g5 9. Bg3 h5 10. h3 Bxf3 11. Qxf3 g4 12. Qf5 gxh3 13. Bh4 h2+ 14. Kh1
Rh6 15. Nd2 Ne7 16. Qf3 Neg8 17. a4 Qd7 18. b4 Bb6 19. a5 Bxa5 20. Rxa5 Ng4
21. Bb5 c6 22. Bc4 b6 23. Raa1 b5 24. Bb3 Rg6 25. Ra6 N8h6 26. Rfa1 Kf8 27.
d4 Kg7 28. Nf1 f5 29. exf5 Nxf5 30. Bg3 h4 31. Bxh2 h3 32. gxh3 Nh4 33. Qe2
Nxh2 34. Nxh2 Qxh3 35. f4 Rg2 36. Rxa7+ Kh6 37. Rh7+ Kxh7 38. Qh5+ Kg7 39.
Qf7+ Kh6 40. Qf6+ Ng6 41. Qg5+ Rxg5 42. fxg5+ Kh5 43. Rxa8 Nf4 44. Rh8+
Kxg5 45. Rxh3 Nxh3 46. dxe5 dxe5 47. Nf3+ Kf4 48. Kg2 e4 49. Nd4 Ng5 50.
Nxc6 e3 51. Nd4 Ne4 52. Nxb5 e2 53. Nd4 e1=Q 54. Ne6+ Ke5 55. Nd4 Qf2+ 56.
Kh1 Ng3# { White checkmated } 0-1

[Event "ICC tourney 2541 (3 2)"]
[Site "Internet Chess Club"]
[Date "2021.04.30"]
[Round "11"]
[White "HIBBS, ROBERT:BotanicalKnight"]
[Black "Son, Aven Christopher:ason451"]
[Result "1-0"]
[ICCResult "Black checkmated"]
[WhiteElo "1381"]
[BlackElo "330"]
[Opening "Sicilian: closed"]
[ECO "B23"]
[NIC "SI.44"]
[Time "22:42:20"]
[PlyCount "131"]
[TimeControl "180+2"]

1. e4 c5 2. Nc3 e6 3. f4 d5 4. e5 d4 5. Ne4 Nc6 6. d3 f6 7. exf6 Nxf6 8.
Nxf6+ Qxf6 9. g3 Bd6 10. Bg2 Bd7 11. Nf3 e5 12. fxe5 Nxe5 13. Nxe5 Qxe5+
14. Be4 Bc6 15. O-O Bxe4 16. dxe4 O-O-O 17. Qg4+ Kb8 18. Bg5 h5 19. Qf5
Rde8 20. Bf4 Qxf5 21. Bxd6+ Kc8 22. exf5 b6 23. Rae1 Kd7 24. Bf4 Ref8 25.
Bg5 Rf7 26. f6 gxf6 27. Rxf6 Rg7 28. Bh4 b5 29. Rfe6 Rhh7 30. Kg2 Rf7 31.
Rf6 Rfg7 32. Ra6 Kc7 33. Rxa7+ Kb6 34. Rxg7 Rxg7 35. Re2 Ra7 36. a3 Ka5 37.
Bd8+ Ka4 38. Rf2 b4 39. axb4 Kxb4 40. b3 Kc3 41. h3 Ra2 42. Be7 c4 43. bxc4
Kxc4 44. g4 hxg4 45. hxg4 Kc3 46. g5 Rxc2 47. Rxc2+ Kxc2 48. Bb4 d3 49. g6
Kb3 50. Ba5 Ka4 51. Bd2 Kb3 52. g7 Kc2 53. Bg5 Kd1 54. g8=Q d2 55. Bxd2
Kxd2 56. Kg3 Kd3 57. Qe6 Kc3 58. Qd5 Kb4 59. Qc6 Ka3 60. Qb7 Ka2 61. Kf3
Ka1 62. Ke3 Ka2 63. Kd3 Ka3 64. Kc4 Ka2 65. Kc3 Ka1 66. Qb2# { Black
checkmated } 1-0

[Event "ICC tourney 2541 (3 2)"]
[Site "Internet Chess Club"]
[Date "2021.04.30"]
[Round "11"]
[White "Lopez, Santiago Ernesto:Oyant"]
[Black "YE, LUKE SICONG:lukeye"]
[Result "0-1"]
[ICCResult "White checkmated"]
[WhiteElo "1357"]
[BlackElo "2075"]
[Opening "Sicilian: Smith-Morra gambit"]
[ECO "B21"]
[NIC "SI.48"]
[Time "22:43:02"]
[PlyCount "74"]
[TimeControl "180+2"]

1. e4 c5 2. d4 cxd4 3. c3 dxc3 4. Nxc3 Nc6 5. Nf3 d6 6. Bc4 e6 7. O-O Nf6
8. Re1 e5 9. Bg5 Be7 10. Rc1 Bg4 11. h3 Bh5 12. Nd5 Nxd5 13. exd5 Bxg5 14.
dxc6 Bxc1 15. cxb7 Rb8 16. Qa4+ Kf8 17. Rxc1 Bxf3 18. gxf3 Qg5+ 19. Kh2
Qxc1 20. Qc6 Rxb7 21. Qxd6+ Re7 22. Qd8+ Re8 23. Qd6+ Kg8 24. Qd7 Qf4+ 25.
Kh1 Rf8 26. Bd5 g6 27. Qxa7 Kg7 28. a4 Rd8 29. Qc5 Qd4 30. Qb5 Rxd5 31.
Qxd5 Qxd5 32. b3 e4 33. fxe4 Qxe4+ 34. Kg1 Qf3 35. a5 Rd8 36. a6 Rd1+ 37.
Kh2 Rh1# { White checkmated } 0-1

[Event "ICC tourney 2541 (3 2)"]
[Site "Internet Chess Club"]
[Date "2021.04.30"]
[Round "11"]
[White "VAKHIDOV, JAKHONGIR:TjkTiger"]
[Black "MARKOVIC, GORAN:Goran21"]
[Result "1-0"]
[ICCResult "Black checkmated"]
[WhiteElo "2603"]
[BlackElo "1995"]
[Opening "King's Indian: fianchetto, classical main line"]
[ECO "E69"]
[NIC "KI.62"]
[Time "22:42:22"]
[PlyCount "153"]
[TimeControl "180+2"]

1. c4 Nf6 2. Nc3 g6 3. g3 d6 4. Bg2 Bg7 5. d4 O-O 6. Nf3 Nbd7 7. O-O e5 8.
e4 c6 9. h3 exd4 10. Nxd4 Re8 11. Be3 Nc5 12. Qc2 a5 13. Rad1 Qe7 14. Rfe1
a4 15. f4 Qc7 16. Bf2 Qa5 17. a3 Nfd7 18. Kh2 Nb6 19. Na2 Qa6 20. Bf1 Qa5
21. Nf3 Be6 22. Rxd6 Nb3 23. c5 Nc8 24. Rdd1 Nxc5 25. Nb4 Bf8 26. Bc4 Bxc4
27. Qxc4 b5 28. Qc2 Nb3 29. Nxc6 Qc7 30. e5 Re6 31. Ncd4 Qxc2 32. Nxc2 Ne7
33. Ncd4 Nxd4 34. Nxd4 Rb6 35. Nf5 Rc6 36. Nd4 Rb6 37. Rc1 Rb7 38. Nc2 Nc6
39. Ne3 Nd4 40. Kg2 b4 41. axb4 Bxb4 42. Red1 Ne6 43. Nd5 Be7 44. Nb6 Ra6
45. Rc8+ Kg7 46. Nd5 Rd7 47. Nc3 Rxd1 48. Nxd1 h5 49. h4 Ra5 50. Rc2 Rd5
51. Nc3 Rd3 52. Nxa4 Bb4 53. Nb6 Rb3 54. Nd5 Ba5 55. Nf6 Bd8 56. Ne8+ Kf8
57. Nd6 Bc7 58. Nc4 Kg7 59. Rc3 Rb4 60. b3 Bd8 61. Nb2 Ba5 62. Rd3 Bd8 63.
Nc4 Bxh4 64. Kf3 Be7 65. Be3 Bc5 66. Nd6 Bxe3 67. Kxe3 Nc5 68. Rd5 Rxb3+
69. Kf2 Nd3+ 70. Ke2 Nb4 71. Rb5 Rb2+ 72. Kf3 Kf8 73. Rb8+ Ke7 74. Rb7+ Ke6
75. Nxf7 Rb3+ 76. Ke4 Rxg3 77. Nd8# { Black checkmated } 1-0